 Dungeon Crawl Stone Soup version 0.26-a0-812-g31a745ddcd (webtiles) character file.

Game seed: 9881227362906284141

3089 nicanaca0 the Covert (level 9, 0/44 HPs)
             Began as a Spriggan Brigand on Nov 23, 2020.
             Was a Priest of Wu Jian.
             Killed by divine providence
             ... invoked by an orc priest
              (15 damage)
             ... on level 7 of the Dungeon.
             The game lasted 00:20:16 (9654 turns).

nicanaca0 the Covert (Spriggan Brigand)             Turns: 9654, Time: 00:20:17

Health: 0/44       AC: 10    Str:  7    XL:     9   Next: 59%
Magic:  10/10      EV: 27    Int: 13    God:    Wu Jian [***...]
Gold:   382        SH:  0    Dex: 20    Spells: 6/8 levels left

rFire    . . .     SeeInvis +   l - +4 dagger (protect)
rCold    . . .     Faith    .   (shield restricted)
rNeg     . . .     Spirit   .   b - +0 robe
rPois    .         Reflect  .   (helmet restricted)
rElec    .         Harm     .   c - +0 cloak
rCorr    .         Rampage  .   (gloves unavailable)
MR       +....                  (boots unavailable)
Stlth    ++++++++..             (no amulet)
HPRegen  0.14/turn              j - ring of stealth
MPRegen  0.12/turn              x - ring of stealth

@: protection aura, very quick
A: very small, unfitting armour, see invisible, speed 3
a: Wall Jump, Serpent's Lash, Renounce Religion


You were on level 7 of the Dungeon.
You worshipped Wu Jian.
Wu Jian was most pleased with you.
You visited 1 branch of the dungeon, and saw 7 of its levels.
You also visited: Sewer.

You collected 382 gold pieces.

Inventory:

Hand Weapons
 a - a +2 dagger
 l - a +4 dagger of protection (weapon)
 A - a +1 dagger of chaos
Missiles
 e - a curare-tipped dart
 g - 14 poisoned darts (quivered)
Armour
 b - a +0 robe (worn)
 c - a +0 cloak (worn)
Jewellery
 j - a ring of stealth (left hand)
 w - an uncursed ring of resist corrosion
 x - a ring of stealth (right hand)
Wands
 m - a wand of flame (3)
Scrolls
 i - 10 scrolls of remove curse {@r2}
 n - 3 scrolls of amnesia
 t - 3 scrolls of teleportation
 u - a scroll of immolation {unknown}
 y - 2 scrolls of blinking
 z - a scroll of identify {@r1}
Potions
 d - a potion of invisibility {unknown}
 f - 4 potions of curing {@q1}
 k - 2 potions of heal wounds {@q2}
 o - a potion of cancellation {unknown}
 p - a potion of berserk rage {unknown}
 q - a potion of degeneration
 r - a potion of magic
 s - a potion of might
 v - 2 potions of attraction {unknown}
Miscellaneous
 h - a condenser vane (inert)


   Skills:
 - Level 3.5 Fighting
 - Level 2.1 Short Blades
 - Level 4.0 Throwing
 + Level 10.2 Dodging
 * Level 14.6 Stealth
 - Level 5.0 Evocations


You had 6 spell levels left.
You knew the following spells:

 Your Spells              Type           Power        Failure   Level
a - Blink                 Tloc           N/A          43%         2

Your spell library contained the following spells:

 Spells                   Type           Power        Failure   Level
 Magic Dart               Conj           #...         30%         1
 Shock                    Conj/Air       #...         30%         1
 Call Imp                 Summ           #.......     43%         2
 Searing Ray              Conj           #.....       43%         2
 Slow                     Hex            #.......     43%         2
 Swiftness                Air            #.......     43%         2
 Conjure Flame            Conj/Fire      #.......     67%         3
 Dazzling Flash           Conj/Hex       #.....       67%         3
 Mephitic Cloud           Conj/Pois/Air  #.......     67%         3
 Static Discharge         Conj/Air       #.......     67%         3
 Airstrike                Air            #.........   97%         4
 Fulminant Prism          Conj/Hex       #.........   97%         4
 Iskenderun's Mystic Bla  Conj/Tloc      #.......     97%         4
 Lightning Bolt           Conj/Air       #.........   100%        5


Dungeon Overview and Level Annotations

Branches:
Dungeon (7/15)             Temple (0/1) D:6           Sewer (visited)

Altars:
Ashenzari
Cheibriados
Dithmenos
Elyvilon
Fedhas
Makhleb
Uskayaw
Wu Jian
Xom
Zin

Portals:
Bailey: D:7

Annotations:
D:7 1 runed translucent door, Dowan; Duvessa; MoonlitKnight's ghost, novice DECj


Innate Abilities, Weirdness & Mutations

You are very small and have problems with some larger weapons.
You are too small for most types of armour.
You have supernaturally acute eyesight. (SInv)
You cover ground extremely quickly.


Message History

The orc priest is moderately wounded.
The orc completely misses you. The orc hits you with a +0 short sword.
You hit the orc priest.
The orc priest is heavily wounded.
The orc priest hits you but does no damage.
The orc barely misses you. The orc completely misses you. x2
You hit the orc priest.
The orc priest is severely wounded.
The orc priest misses you. The orc closely misses you.
The orc hits you but does no damage. The orc misses you.
You barely miss the orc priest.
The orc priest is severely wounded.
The orc hits you but does no damage. The orc priest misses you.
The orc misses you. The orc hits you with a +0 flail.
You hit the orc priest but do no damage.
The orc priest is severely wounded.
The orc completely misses you. The orc closely misses you.
The orc priest invokes the aid of Beogh against you.
Beogh smites you!
You die...

##....# ######..#.#.#.#
...#### #..###+### ####
####.## .# #....# .######
########### #.#### ...o...
#...>.....###.# ####.......
..............####......o...
####.......###.o...##.......
...##..#.......#@o.# .......
...#.......#####oo.# ......[
...#.#.#..######...# #######
≈..'...............#
≈..'.#........##...#
..÷#.....#######...#
...#.##...# #...#
...######.# #...# #### #.###


You could see an orc priest and 3 orcs.

Vanquished Creatures
  A centaur zombie (D:7)
  Sigmund (D:4)
  Menkaure (D:5)
  An orc warrior (D:3)
  A black bear (D:6)
  2 ice beasts
  2 phantoms
  A centaur (D:6)
  2 ogres
  A gnoll sergeant (D:7)
  3 bullfrogs
  A wyvern skeleton (D:7)
  A scorpion (D:4)
  A howler monkey (D:5)
  A crimson imp (D:7)
  A bullfrog skeleton (D:5)
  8 hounds
  A jelly (D:7)
  6 orc wizards
  3 orc priests
  2 centaur skeletons (D:4)
  Ijyb (D:4)
  Terence (D:2)
  3 iguanas
  4 worker ants
  A hound skeleton (D:6)
  A worker ant zombie (D:5)
  10 gnolls
  13 adders
  A howler monkey skeleton (D:4)
  A shadow imp (D:4)
  2 white imps
  An ufetubus (D:7)
  2 oozes
  An adder skeleton (D:4)
  5 worms
  2 dart slugs
  4 leopard geckos
  14 orcs
  6 bats
  14 giant cockroaches
  14 goblins
  10 hobgoblins
  9 jackals
  3 quokkas
  8 ball pythons
  6 frilled lizards
  A jackal skeleton (D:4)
  2 jackal zombies
  6 kobolds
  A quokka skeleton (D:4)
  8 rats
196 creatures vanquished.

Notes
Turn   | Place    | Note
-------+----------+-------------------------------------------
     0 | D:1      | nicanaca0 the Spriggan Brigand began the quest for the Orb.
     0 | D:1      | Reached XP level 1. HP: 10/10 MP: 2/2
    43 | D:1      | Reached skill level 6 in Stealth
    77 | D:1      | Reached XP level 2. HP: 10/14 MP: 3/3
  1022 | D:1      | Reached skill level 7 in Stealth
  1045 | D:1      | Reached XP level 3. HP: 18/18 MP: 4/4
  1644 | D:2      | Found a glowing silver altar of Zin.
  1744 | D:2      | Reached skill level 8 in Stealth
  1744 | D:2      | Reached XP level 4. HP: 15/22 MP: 5/5
  1929 | D:2      | Noticed Terence
  1940 | D:2      | Killed Terence
  2530 | D:3      | Found a glowing drain.
  2535 | Sewer    | Entered a sewer
  2575 | Sewer    | Reached XP level 5. HP: 19/25 MP: 6/6
  2896 | Sewer    | Reached skill level 9 in Stealth
  3075 | Sewer    | Reached skill level 5 in Dodging
  3075 | Sewer    | Reached XP level 6. HP: 27/30 MP: 7/7
  3530 | D:3      | Reached skill level 10 in Stealth
  3611 | D:3      | Found a blossoming altar of Fedhas.
  3612 | D:3      | Found a hide-covered altar of Uskayaw.
  3612 | D:3      | Found a snail-covered altar of Cheibriados.
  4005 | D:3      | Reached skill level 1 in Evocations
  4012 | D:3      | Noticed an orc warrior
  4150 | D:3      | Killed an orc warrior
  4327 | D:3      | Found an ornate altar of the Wu Jian Council.
  4334 | D:3      | Found a broken altar of Ashenzari.
  4340 | D:3      | Became a worshipper of the Wu Jian Council
  4350 | D:3      | Found a white marble altar of Elyvilon.
  4569 | D:3      | Reached XP level 7. HP: 33/33 MP: 8/8
  4619 | D:3      | Reached skill level 11 in Stealth
  4992 | D:4      | Noticed Sigmund
  5030 | D:4      | Killed Sigmund
  5162 | D:4      | Noticed Ijyb
  5181 | D:4      | Killed Ijyb
  5346 | D:4      | Reached * piety under Wu Jian
  5346 | D:4      | Reached XP level 8. HP: 37/39 MP: 9/9
  5441 | D:4      | Reached skill level 12 in Stealth
  5600 | D:4      | Found a shadowy altar of Dithmenos.
  6002 | D:5      | Entered Level 5 of the Dungeon
  6491 | D:5      | Reached ** piety under Wu Jian
  6864 | D:5      | Noticed Menkaure
  6874 | D:5      | Killed Menkaure
  6967 | D:5      | Learned a level 2 spell: Blink
  7107 | D:6      | Found a staircase to the Ecumenical Temple.
  7206 | D:6      | Reached skill level 13 in Stealth
  7531 | D:6      | Reached XP level 9. HP: 44/44 MP: 10/10
  8126 | D:6      | HP: 2/44 [wight/cursed +3 scimitar of freezing (2)]
  8610 | D:6      | Reached skill level 5 in Evocations
  9278 | D:7      | Noticed Duvessa
  9298 | D:7      | Noticed Dowan
  9360 | D:7      | Reached skill level 14 in Stealth
  9399 | D:7      | Noticed MoonlitKnight's ghost (novice DECj)
  9421 | D:7      | Found a runed translucent door.
  9535 | D:7      | Reached *** piety under Wu Jian
  9535 | D:7      | Reached skill level 10 in Dodging
  9542 | D:7      | Found a flagged portal.
  9579 | D:7      | Found a burning altar of Makhleb.
  9579 | D:7      | Found a shimmering altar of Xom.
  9654 | D:7      | Killed from afar by an orc priest

Illustrated notes

Levels and vault maps discovered:
D:1:      dpeg_arrival_signposts, layout_basic, minmay_tall_x
D:2:      layout_basic, lemuel_round_altar, uniq_terence
D:3:      layout_loops_ring, grunt_temple_overflow_open,
          minmay_overflow_temple_star_quad, portal_sewer_entry_e,
          minmay_misc_feat_iff, hex_large, st_stairs_6
D:4:      layout_basic, nicolae_dithmenos_shadow_blocks, uniq_ijyb, uniq_sigmund
D:5:      layout_basic, uniq_menkaure
D:6:      layout_gridville, minmay_temple_entry_wispy
D:7:      layout_rooms, grunt_temple_overflow_champion_of_chaos,
          hellmonk_ghost_happy_afterlife, enter_bailey_8,
          kennysheep_generic_room_6, uniq_duvessa

Skill      XL: |  1  2  3  4  5  6  7  8  9 |
---------------+----------------------------+-----
Stealth        | 6 7 8 9 10 11 13 14 | 14.6
Dodging        | 2 3 4 5 7 9 10 | 10.2
Evocations     | 2 3 4 5 |  5.0
Fighting       | 2 3 |  3.5
Throwing       | 4 |  4.0
Short Blades   | |  2.1

Action                   |  1- 3 |  4- 6 |  7- 9 || total
-------------------------+-------+-------+-------++-------
Melee: Dagger            |    86 |   132 |   307 ||   525
Throw: Dart              |    16 |    29 |     6 ||    51
Invok: Lunge             |       |     3 |    25 ||    28
       Whirlwind         |       |       |    14 ||    14
Evoke: Wand              |       |       |    10 ||    10
       Condenser vane    |       |       |     1 ||     1
  Use: Scroll            |       |     8 |    11 ||    19
       Potion            |       |       |     1 ||     1
 Stab: Sleeping          |     9 |    17 |    41 ||    67
       Distracted        |       |     2 |     1 ||     3
Armor: Robe              |    12 |    12 |    18 ||    42
Dodge: Dodged            |    68 |   124 |   229 ||   421

Table legend: (Time is in decaauts)
 A = Elapsed time spent in this place.
 B = Non-inter-level travel time spent in this place.
 C = Inter-level travel time spent in this place.
 D = Time resting spent in this place.
 E = Time spent auto-exploring this place.
 F = Levels seen in this place.
 G = Mean time per level.
                   A        B        C        D        E       F      G
               +--------+--------+--------+--------+--------+-----+--------+
         Total |   7384 |   7232 |    152 |   1598 |   3889 |   8 |  923.0 |
       Dungeon |   6695 |   6543 |    152 |   1492 |   3487 |   7 |  956.4 |
         Sewer |    689 |    689 |      0 |    106 |    401 |   1 |  689.0 |
               +--------+--------+--------+--------+--------+-----+--------+

Top non-repeatable levels by time:
     D:3: 1262 daAuts
     D:6: 1160 daAuts
     D:1: 1068 daAuts
     D:4: 965 daAuts
     D:5: 888 daAuts
     D:2: 859 daAuts
   Sewer: 689 daAuts
     D:7: 488 daAuts
